 Dungeon Crawl Stone Soup version 0.25-a0-565-g8875c97ebb (webtiles) character file.

Game seed: 14151518011541244631, levelgen mode: deterministic

15656 Flugslaktarn the Cleaver (level 12, -12/116 HPs)
             Began as a Deep Dwarf Fighter on Feb 26, 2020.
             Was a High Priest of Makhleb.
             Mangled by a catoblepas (13 damage)
             ... while petrified by you
             ... on level 13 of the Dungeon.
             The game lasted 00:05:23 (7268 turns).

Flugslaktarn the Cleaver (Deep Dwarf Fighter)       Turns: 7268, Time: 00:05:23

Health: -12/116    AC: 16    Str: 26    XL:     12   Next: 3%
Magic:  14/14      EV:  2    Int:  8    God:    Makhleb [*****.]
Gold:   569        SH:  0    Dex: 15    Spells: 11/11 levels left

rFire    . . .     SeeInvis .   h - +0 broad axe (flame)
rCold    + . .     Gourm    .   c - +0 kite shield
rNeg     + + +     Faith    .   p - +0 plate armour {rC+}
rPois    ∞         Spirit   .   m - +0 helmet
rElec    .         Reflect  .   (no cloak)
rCorr    .         Harm     .   v - +0 pair of gloves
MR       +....                  (no boots)
Stlth    ..........             (no amulet)
HPRegen  0.00/turn              j - +5 ring of slaying
MPRegen  0.14/turn              f - +3 ring of dexterity

@: petrified, non-regenerating
A: damage resistance, heal wounds, sense surroundings 2, no regeneration
a: Heal Wounds, Minor Destruction, Lesser Servant of Makhleb, Major Destruction,
Greater Servant of Makhleb, Renounce Religion


You were on level 13 of the Dungeon.
You worshipped Makhleb.
Makhleb was extremely pleased with you.
You were not hungry.

You visited 2 branches of the dungeon, and saw 14 of its levels.

You collected 569 gold pieces.

Inventory:

Hand Weapons
 a - a +0 war axe
 h - a +0 broad axe of flaming (weapon)
   (You found it on level 5 of the Dungeon)
Missiles
 o - a throwing net (quivered)
Armour
 c - a +0 kite shield (worn)
 m - a +0 helmet (worn)
   (You found it on level 4 of the Dungeon)
 p - a +0 plate armour of cold resistance (worn)
   (You took it off an orc warrior on level 6 of the Dungeon)
 v - a +0 pair of gloves (worn)
   (You found it on level 8 of the Dungeon)
Jewellery
 f - a +3 ring of dexterity (right hand)
   (You found it on level 6 of the Dungeon)
 j - a +5 ring of slaying (left hand)
   (You found it on level 9 of the Dungeon)
Wands
 b - a wand of polymorph (11)
   (You found it on level 10 of the Dungeon)
 x - a wand of enslavement (14)
   (You found it on level 13 of the Dungeon)
Scrolls
 g - 3 scrolls of magic mapping
 i - 8 scrolls of remove curse
 r - 4 scrolls of identify
 t - 3 scrolls of immolation
 w - a scroll of fear
 y - a scroll of enchant armour {unknown}
Potions
 d - 2 potions of might
 k - a potion of flight
 n - 4 potions of curing {unknown}
 q - a potion of magic {unknown}
 s - a potion of invisibility {unknown}
 u - a potion of berserk rage {unknown}
Comestibles
 e - 18 rations
 l - 10 chunks of flesh


   Skills:
 * Level 10.2 Fighting
 * Level 11.8 Axes
 + Level 9.1 Armour
 + Level 9.1 Shields
 + Level 8.6 Invocations


You had 11 spell levels left.
You didn't know any spells.
Your spell library was empty.

Dungeon Overview and Level Annotations

Branches:
Dungeon (13/15)            Temple (1/1) D:6            Lair (0/6) D:10
    Orc (0/2) D:12
 Vaults: D:13-14

Altars:
Ashenzari
Cheibriados
Dithmenos
Elyvilon
Fedhas
Gozag
Hepliaklqana
Kikubaaqudgha
Makhleb
Nemelex Xobeh
Okawaru
Qazlal
Sif Muna
Trog
Uskayaw
Vehumet
Wu Jian
Xom
Yredelemnul
Zin
The Shining One

Shops:
D:12 (

Annotations:
D:9 exclusion: statue


Innate Abilities, Weirdness & Mutations

You are resistant to damage.
You can heal yourself by infusing magical energy.
You passively map the area around you.
You do not regenerate.


Message History

The catoblepas gores you!!
* * * LOW HITPOINT WARNING * * *
The catoblepas breathes a plume of calcifying dust at you.
The blast of calcifying dust hits you but does no damage.
The centaur hits you but does no damage.
You are engulfed in calcifying dust.
The catoblepas gores you!
* * * LOW HITPOINT WARNING * * *
The centaur hits you but does no damage.
The crimson imp sputters.
The crimson imp blinks!
The catoblepas gores you but does no damage.
You are engulfed in calcifying dust.
The centaur hits you but does no damage.
The catoblepas barely misses you. The catoblepas gores you!
* * * LOW HITPOINT WARNING * * *
The centaur hits you but does no damage.
You are engulfed in calcifying dust.
The catoblepas gores you!
* * * LOW HITPOINT WARNING * * *
The centaur hits you. The catoblepas gores you!!
You die...

* **, *
#.#....^..###
* , ,,*
#.######.## *
* * *
*,#.........##
,* , ,
#..######..# *
###..# ##.## ,
..#..# ##.## ,
* * , *#.#..#
#..## * ,
#.#..#
##..#### , ,*
*##.#.#.#c@#
##....# ,,
,,..⌠....lYY#
###.....# , *
.#.###.#Z##
##.......# ,,,
,* #.#.#
#.......## , *
* #.#.#
##.....## , ,
..#.# ##...##
*
#####+#####.#
#...## ,,
...........#
##.### , ,*
#.........#
#..#


You could see 2 catoblepae, a basilisk, a centaur and a centaur warrior
skeleton.

Vanquished Creatures
  Fannar (D:11)
  A hydra (D:13)
  3 unseen horrors
  An ugly thing (D:11)
  A gargoyle (D:12)
  Maggie (D:9)
  A queen bee (D:11)
  5 trolls
  A hornet (D:8)
  4 hippogriffs
  2 vampires
  A wraith (D:11)
  3 wyverns
  3 hungry ghosts
  5 vampire mosquitoes (D:13)
  Menkaure (D:4)
  2 ice beasts
  9 orc warriors
  A sky beast (D:9)
  A black bear (D:13)
  A phantom (D:10)
  5 ogres
  2 crocodiles (D:9)
  A centaur (D:5)
  2 big kobolds
  8 bullfrogs
  A wyvern zombie (D:8)
  6 scorpions
  14 killer bees (D:11)
  3 howler monkeys (D:5)
  5 wights (D:7)
  An electric eel (D:8)
  6 crimson imps
  2 bullfrog zombies
  3 jellies
  3 quasits
  3 centaur skeletons
  17 orc wizards
  6 orc priests
  A bullfrog skeleton (D:5)
  10 hounds
  11 worker ants
  A killer bee zombie (D:6)
  A hound zombie (D:5)
  A worker ant zombie (D:7)
  9 adders
  2 shadow imps
  2 adder skeletons
  2 worms
  A dart slug (D:1)
  5 leopard geckos
  39 orcs
  2 ball pythons
  7 giant cockroaches
  A goblin (D:1)
  3 hobgoblins
  12 jackals
  15 kobolds
  9 quokkas
  3 frilled lizards
  A leopard gecko skeleton (D:7)
  2 rats
276 creatures vanquished.

Vanquished Creatures (collateral kills)
  A hydra (D:11)
  An unseen horror (D:11)
  2 orc wizards (D:11)
  An orc (D:11)
5 creatures vanquished.

Grand Total: 281 creatures vanquished

Notes
Turn   | Place    | Note
-------+----------+-------------------------------------------
     0 | D:1      | Flugslaktarn the Deep Dwarf Fighter began the quest for the
                  | Orb.
     0 | D:1      | Reached XP level 1. HP: 20/20 MP: 1/1
    30 | D:1      | Reached XP level 2. HP: 27/27 MP: 2/2
   145 | D:2      | Reached XP level 3. HP: 31/34 MP: 3/3
   220 | D:4      | Found an iron altar of Okawaru.
   313 | D:4      | Reached skill level 3 in Axes
   321 | D:4      | Reached XP level 4. HP: 21/42 MP: 4/4
   381 | D:4      | Noticed Menkaure
   391 | D:4      | Killed Menkaure
   391 | D:4      | Reached skill level 4 in Axes
   391 | D:4      | Reached XP level 5. HP: 28/50 MP: 5/5
   399 | D:4      | Found a shadowy altar of Dithmenos.
   709 | D:4      | Reached XP level 6. HP: 45/57 MP: 6/6
   759 | D:5      | Entered Level 5 of the Dungeon
   807 | D:5      | Reached skill level 5 in Axes
   961 | D:5      | Reached XP level 7. HP: 64/66 MP: 7/7
  1161 | D:5      | Reached skill level 5 in Fighting
  1254 | D:5      | Reached skill level 5 in Shields
  1254 | D:5      | Reached skill level 5 in Armour
  1271 | D:5      | Reached skill level 6 in Axes
  1730 | D:6      | Found a staircase to the Ecumenical Temple.
  1762 | D:6      | Reached XP level 8. HP: 56/75 MP: 2/7
  1770 | Temple   | Entered the Ecumenical Temple
  1861 | Temple   | Became a worshipper of Makhleb the Destroyer
  1956 | D:6      | Reached skill level 1 in Invocations
  1991 | D:6      | Found a basalt altar of Yredelemnul.
  2203 | D:6      | Found an ancient bone altar of Kikubaaqudgha.
  2267 | D:6      | Reached skill level 7 in Axes
  2380 | D:7      | Reached * piety under Makhleb
  2434 | D:7      | Gained mutation: You passively map the area around you.
                  | [Deep Dwarf growth]
  2434 | D:7      | Reached XP level 9. HP: 78/85 MP: 3/9
  2629 | D:7      | Found a shattered altar of Ashenzari.
  2760 | D:7      | Reached ** piety under Makhleb
  2807 | D:7      | Reached skill level 8 in Axes
  2839 | D:7      | Found a glowing silver altar of Zin.
  3388 | D:8      | Paralysed by a hornet for 1 turns
  3402 | D:8      | Paralysed by a hornet for 2 turns
  3405 | D:8      | Paralysed by a hornet for 3 turns
  3414 | D:8      | Paralysed by a hornet for 2 turns
  3419 | D:8      | HP: 1/86 [hornet (5)]
  3859 | D:9      | Reached skill level 5 in Invocations
  3875 | D:9      | Found a radiant altar of Vehumet.
  3884 | D:9      | Noticed Maggie
  3893 | D:9      | Killed Maggie
  4004 | D:9      | Reached skill level 9 in Axes
  4048 | D:9      | Noticed a troll
  4062 | D:9      | Killed a troll
  4062 | D:9      | Reached XP level 10. HP: 60/96 MP: 2/10
  4159 | D:9      | Found a shimmering blue altar of Sif Muna.
  4302 | D:9      | Found a snail-covered altar of Cheibriados.
  4459 | D:10     | Entered Level 10 of the Dungeon
  4529 | D:10     | Killed an unseen horror
  4619 | D:10     | Found the +8 lance "Wyrmbane" {slay drac, rPois rF+ rC+
                  | AC+3}
  4627 | D:10     | Reached *** piety under Makhleb
  5286 | D:10     | Found a staircase to the Lair.
  5323 | D:11     | Reached skill level 10 in Axes
  5414 | D:11     | Noticed a cyan ugly thing
  5428 | D:11     | Killed a cyan ugly thing
  5428 | D:11     | Reached XP level 11. HP: 66/106 MP: 4/12
  5447 | D:11     | Noticed a four-headed hydra
  5468 | D:11     | Killed an eight-headed hydra
  5472 | D:11     | Killed an unseen horror
  5502 | D:11     | Killed an unseen horror
  5858 | D:11     | Noticed Fannar
  5878 | D:11     | Killed Fannar
  5878 | D:11     | Reached **** piety under Makhleb
  5891 | D:11     | Killed an unseen horror
  5891 | D:11     | Reached skill level 11 in Axes
  6627 | D:12     | Found Bicinoli's Weapon Emporium.
  6627 | D:12     | Found a staircase to the Orcish Mines.
  7051 | D:13     | Noticed an eight-headed hydra
  7057 | D:13     | Killed a three-headed hydra
  7057 | D:13     | Reached skill level 10 in Fighting
  7157 | D:13     | Reached XP level 12. HP: 116/116 MP: 14/14
  7157 | D:13     | Reached ***** piety under Makhleb
  7236 | D:13     | Noticed a catoblepas
  7239 | D:13     | Noticed a catoblepas
  7268 | D:13     | HP: 1/116 [catoblepas (5)]
  7268 | D:13     | Mangled by a catoblepas

Levels and vault maps discovered:
D:1:      dpeg_arrival_rooms_with_view, layout_basic, minmay_misc_feat_iff,
          minmay_split_cup_small
D:2:      layout_rooms, chequers_garden
D:3:      layout_loops_ring, nicolae_ru_sacrificial_ziggurat
D:4:      layout_cave_pools, kennysheep_mini_moat, okawaru_metal_pillars_1_2,
          uniq_menkaure
D:5:      kennysheep_big_flooded_room, layout_basic, first_ration,
          minmay_door_square
D:6:      layout_rooms, yredelemnul_altar_generic, minmay_temple_entry_trees,
          basic_altar
D:7:      layout_cave_pools, zin_scriptorium, evilmike_ruin_ashenzari
D:8:      layout_basic
D:9:      layout_basic, vehumet_statue, cheibrodos_worm_habitat, led_sif_pool,
          uniq_maggie
D:10:     layout_cave_pods, lair_entry_dummy
D:11:     layout_basic, david_nohive_1, uniq_fannar
D:12:     layout_roguey, orc_david_3
D:13:     minmay_the_grid_3x3 [minmay_the_grid_medium_cups,
          minmay_the_grid_empty, minmay_the_grid_minigrid_small,
          minmay_the_grid_armoury, minmay_the_grid_stretched_grid,
          minmay_the_grid_expand, minmay_the_grid_plusring,
          minmay_the_grid_garden, minmay_the_grid_prize_diamond_cup],
          layout_cave_pods, ximxim_vaults_locker_room,
          nicolae_tso_swordbearing_angel
Temple:   jpeg_temple_clearing

Skill      XL: |  1  2  3  4  5  6  7  8  9 10 11 |
---------------+----------------------------------+-----
Fighting       | 3 4 5 6 7 9 10 | 10.2
Axes           | 3 4 5 6 7 9 10 11 | 11.8
Armour         | 4 5 6 7 8 9 |  9.1
Shields        | 4 5 6 7 8 9 |  9.1
Invocations    | 3 5 7 8 |  8.6

Action                   |  1- 3 |  4- 6 |  7- 9 | 10-12 || total
-------------------------+-------+-------+-------+-------++-------
Melee: War axe           |    54 |   103 |    60 |       ||   217
       Broad axe         |       |       |   352 |   361 ||   713
Invok: Lesser Servant of |       |       |       |     2 ||     2
 Abil: Heal Wounds       |       |     5 |    15 |     6 ||    26
  Use: Scroll            |       |       |     5 |     6 ||    11
       Potion            |       |       |     3 |       ||     3
  Eat: Chunk             |       |     1 |     8 |     7 ||    16
       Ration            |       |       |     1 |     4 ||     5
Armor: Scale mail        |    20 |    49 |    57 |       ||   126
       Plate armour      |       |       |   187 |   361 ||   548
Dodge: Dodged            |    22 |    25 |    98 |   122 ||   267
Block: Kite shield       |    29 |    72 |   260 |   289 ||   650

Table legend:
 A = Non-vault XP
 B = Vault XP
 C = Vault XP percentage of total XP
 D = Non-vault monster count
 E = Vault monster count
 F = Vault count percentage of total count
                 A         B        C        D         E       F
            +---------+---------+-------+---------+---------+-------
      Total |   16747 |    5620 |  25.1 |     240 |      41 |  14.6
            +---------+---------+-------+---------+---------+-------
        D:1 |      13 |       2 |  13.3 |       6 |       1 |  14.3
        D:2 |      27 |       0 |   0.0 |       8 |       0 |   0.0
        D:4 |     232 |     172 |  42.6 |      19 |       1 |   5.0
        D:5 |     721 |     163 |  18.4 |      28 |       2 |   6.7
        D:6 |     889 |       0 |   0.0 |      16 |       0 |   0.0
        D:7 |    1404 |       0 |   0.0 |      44 |       0 |   0.0
        D:8 |    1044 |       0 |   0.0 |      29 |       0 |   0.0
        D:9 |    1187 |     414 |  25.9 |      15 |       2 |  11.8
       D:10 |    2330 |       0 |   0.0 |      28 |       0 |   0.0
       D:11 |    5291 |    2217 |  29.5 |      26 |      16 |  38.1
       D:12 |    1850 |     666 |  26.5 |      14 |       8 |  36.4
       D:13 |    1759 |    1986 |  53.0 |       7 |      11 |  61.1
            +---------+---------+-------+---------+---------+-------
